 Seeded DCSS version 0.30-a0-728-gc68057be0a (webtiles) character file.

Game seed: 6562820166915944481 (custom seed)

1261 mampy3000 the Cleaver (level 8, -5/71 HPs)
             Began as a Minotaur Berserker on Jan 25, 2023.
             Was an Elder of Trog.
             Slain by a hornet (9 damage)
             ... on level 6 of the Dungeon on Jan 31, 2023.
             The game lasted 00:10:52 (3286 turns).

mampy3000 the Cleaver (Minotaur Berserker)          Turns: 3286, Time: 00:10:53

Health: -5/71      AC: 12    Str: 23    XL:     8   Next: 27%
Magic:  7/7        EV:  8    Int:  4    God:    Trog [****..]
Gold:   282        SH:  0    Dex: 11    Spells: 7/7 levels left

rFire   . . .      SeeInvis .    H - +0 hand axe (heavy)
rCold   . . .      Faith    .    (no shield)
rNeg    . . .      Spirit   .    D - +0 plate armour
rPois   .          Reflect  .    (helmet restricted)
rElec   .          Harm     .    (no cloak)
rCorr   .          Rampage  .    (no gloves)
Will    .....                    (no boots) Stlth
                                 d - amulet of regeneration
HPRegen 1.11/turn                (no ring)
MPRegen 0.10/turn                (no ring)

@: lethally poisoned (-5 -> -9), slowed, very slow
A: horns 2, retaliatory headbutt
a: Renounce Religion, Berserk, Trog's Hand, Brothers in Arms


You were on level 6 of the Dungeon.
You worshipped Trog.
Trog was greatly pleased with you.
You visited 1 branch of the dungeon, and saw 6 of its levels.
You also visited: Ossuary.

You collected 282 gold pieces.

Inventory:

Hand Weapons
 a - a +0 hand axe
 H - a +0 heavy hand axe (weapon)
Missiles
 g - a throwing net (quivered)
Armour
 b - a +0 animal skin
 h - a +0 leather armour
 D - a +0 plate armour (worn)
Jewellery
 d - an amulet of regeneration (around neck)
 C - a +5 ring of evasion
Wands
 p - a wand of iceblast (18)
 y - a wand of mindburst (13)
Scrolls
 f - 3 scrolls of teleportation {unknown}
 i - 6 scrolls of identify {unknown}
 j - 4 scrolls of amnesia {unknown}
 k - 3 scrolls of fear {unknown}
 l - 3 scrolls of enchant weapon {unknown}
 m - a scroll of torment {unknown}
 n - a scroll of noise {unknown}
 s - a scroll of silence {unknown}
 t - a scroll of vulnerability {unknown}
 A - a scroll of enchant armour {unknown}
 B - 2 scrolls of immolation {unknown}
 E - a scroll of brand weapon {unknown}
 F - a scroll of blinking {unknown}
Potions
 c - 4 potions of curing {unknown}
 e - a potion of mutation {unknown}
 o - a potion of degeneration {unknown}
 q - 2 potions of haste {unknown}
 r - a potion of cancellation {unknown}
 u - a potion of invisibility {unknown}
 v - 3 potions of might {unknown}
 w - 2 potions of heal wounds {unknown}
 x - 3 potions of brilliance {unknown}
 z - 3 potions of attraction {unknown}
 G - a potion of flight {unknown}


   Skills:
 + Level 6.3 Fighting
 + Level 9.3 Axes
 + Level 5.0 Armour
 + Level 4.5 Dodging
 + Level 0.8 Stealth


You had 7 spell levels left.
You didn't know any spells.
Your spell library was empty.

Dungeon Overview and Level Annotations

Branches:
Dungeon (6/15)             Temple (0/1) D:4         Ossuary (visited)

Altars:
Okawaru
Zin

Annotations:
D:4 2 transporters


Innate Abilities, Weirdness & Mutations

You have a pair of horns on your head.
You reflexively headbutt those who attack you in melee.


Message History

You are more poisoned.
You feel as though you will be slow longer.
The hornet completely misses you. The hornet stings you.
You feel as though you will be slow longer.
You slash the hornet! Your headbutt misses the hornet.
The hornet is severely wounded.
You slash the orc!
You kill the orc!
Trog accepts your kill.
You feel extremely sick. The hornet completely misses you.
The hornet stings you!
You are more poisoned.
You feel as though you will be slow longer.
The hornet barely misses you.
You are too injured to fight recklessly!
You are too injured to fight recklessly!
You are too injured to fight recklessly!
You are too injured to fight recklessly!
Unknown command.
You barely miss the hornet.
The hornet is severely wounded.
You feel extremely sick.
The hornet stings you but does no damage.
An orc comes into view. It is wielding a +0 trident.
The hornet stings you!
* * * LOW HITPOINT WARNING * * *
You suddenly lose the ability to move!
The orc shouts!
You can move again.
You hit the hornet. Your headbutt misses the hornet.
The hornet is almost dead.
* * * LOW HITPOINT WARNING * * *
You feel very sick.
You hear a shout!
The hornet stings you.
* * * LOW HITPOINT WARNING * * *
You feel as though you will be slow longer.
The hornet stings you but does no damage.
The hornet stings you!
You die...

...... #..##....
......###....#..#
......#.#......##
. #........#.##
..##...........
...#........#..
#...........# .
##..........#
#...#..@....#
......##y)....#
.....# #o.......
..... #......#.
#.. ......... ##
.........
.........
..........


You could see a hornet and an orc.

Vanquished Creatures
  A wraith (Ossuary)
  2 orc warriors
  A kobold brigand (D:6)
  A necrophage (D:6)
  3 scorpions (D:5)
  A howler monkey (D:5)
  3 hounds
  A jelly (D:5)
  3 orc priests
  An iguana (D:5)
  Terence (D:2)
  3 orc wizards
  A mummy (Ossuary)
  3 gnolls (D:5)
  4 adders
  A shadow imp (D:5)
  A white imp (D:6)
  An ufetubus (D:5)
  A worm (D:2)
  A dart slug (D:1)
  20 orcs
  6 bats
  7 endoplasms
  2 giant cockroaches
  8 goblins
  7 hobgoblins
  10 jackals
  2 quokkas
  11 ball pythons
  11 frilled lizards
  10 gnoll skeletons (Ossuary)
  12 kobolds
  9 kobold skeletons (Ossuary)
  6 orc skeletons (Ossuary)
  2 rats
157 creatures vanquished.

Vanquished Creatures (others)
  7 plants (D:2)
7 creatures vanquished.

Grand Total: 164 creatures vanquished

Notes
Turn   | Place    | Note
-------+----------+-------------------------------------------
     0 | D:1      | mampy3000 the Minotaur Berserker began the quest for the
                  | Orb.
     0 | D:1      | Reached XP level 1. HP: 19/19 MP: 0/0
   122 | D:1      | Reached XP level 2. HP: 27/27 MP: 1/1
   158 | D:1      | Reached skill level 4 in Axes
   271 | D:1      | Found a faded altar of an unknown god.
   438 | D:1      | Reached XP level 3. HP: 33/33 MP: 2/2
   612 | D:2      | Reached ** piety under Trog
   752 | D:2      | Reached XP level 4. HP: 38/41 MP: 3/3
   817 | D:2      | Reached skill level 5 in Axes
   898 | D:2      | Identified the +2 short sword of Evisceration {heavy, rF+
                  | rC+}
  1022 | D:2      | Reached *** piety under Trog
  1092 | D:2      | Noticed Terence
  1095 | D:2      | Killed Terence
  1370 | D:3      | Reached XP level 5. HP: 31/47 MP: 4/4
  1463 | D:3      | Reached skill level 6 in Axes
  1723 | D:4      | Found a staircase to the Ecumenical Temple.
  1755 | D:4      | Noticed a fire bat
  1757 | D:4      | Found a transporter.
  1985 | D:4      | Found a transporter.
  2170 | D:5      | Entered Level 5 of the Dungeon
  2177 | D:5      | Reached skill level 5 in Fighting
  2177 | D:5      | Reached XP level 6. HP: 52/56 MP: 5/5
  2256 | D:5      | Found an iron altar of Okawaru.
  2420 | D:5      | Reached skill level 7 in Axes
  2467 | D:5      | Found a glowing silver altar of Zin.
  2485 | D:5      | Reached XP level 7. HP: 43/61 MP: 6/6
  2621 | D:5      | Reached **** piety under Trog
  2777 | D:5      | Found a sand-covered staircase.
  2785 | Ossuary  | Entered an ossuary
  2785 | Ossuary  | Noticed a wraith
  2785 | Ossuary  | Noticed a wraith
  2785 | Ossuary  | Noticed a wraith
  2829 | Ossuary  | Noticed a wraith
  2838 | Ossuary  | Killed a wraith
  2839 | Ossuary  | Reached skill level 8 in Axes
  2983 | Ossuary  | Upgraded the game from 0.30-a0-718-geaa24f58ff to
                  | 0.30-a0-728-gc68057be0a
  3163 | D:6      | Reached XP level 8. HP: 52/70 MP: 7/7
  3220 | D:6      | Reached skill level 9 in Axes
  3226 | D:6      | Reached skill level 5 in Armour
  3276 | D:6      | Noticed a hornet
  3285 | D:6      | Paralysed by a hornet for 1 turns
  3286 | D:6      | Slain by a hornet

Illustrated notes

Levels and vault maps discovered:
D:1:      zaba_arrival_water, layout_rooms, shapermc_ecumenical_altar_venn,
          fountainhead
D:2:      layout_loops_cross, serial_bayou_lagoon_a, moated_statue,
          minmay_misc_feat_doors, minmay_nonomino_d4, uniq_terence
D:3:      layout_rooms
D:4:      gammafunk_cloud_chamber, layout_basic, temple_doors_e
D:5:      layout_rooms, okawaru_metal_pillars_1_2, mainiacjoe_overflow_paths,
          nicolae_ossuary_entry_false_entrances, guppyfry_early_orc_mine
D:6:      layout_cave_pools

Skill      XL: |  1  2  3  4  5  6  7  8 |
---------------+-------------------------+-----
Fighting       | 4 5 6 |  6.3
Axes           | 4 5 6 7 8 9 |  9.3
Dodging        | 3 4 |  4.5
Armour         | 3 4 5 |  5.0
Stealth        | |  0.8

Action                     |  1- 3 |  4- 6 |  7- 9 || total
---------------------------+-------+-------+-------++-------
  Melee: Hand axe          |    89 |   157 |   104 ||   350
         Headbutt          |    11 |    28 |    18 ||    57
         Punch             |       |     2 |     1 ||     3
 Invoke: Berserk           |     1 |     2 |     4 ||     7
 Armour: Animal skin       |     7 |       |       ||     7
         Leather armour    |     8 |    23 |       ||    31
         Plate armour      |       |     3 |    63 ||    66
  Dodge: Dodged            |    59 |   115 |    43 ||   217

Table legend: (Time is in decaauts)
 A = Elapsed time spent in this place.
 B = Non-inter-level travel time spent in this place.
 C = Inter-level travel time spent in this place.
 D = Time resting spent in this place.
 E = Time spent auto-exploring this place.
 F = Levels seen in this place.
 G = Mean time per level.
                   A        B        C        D        E       F      G
               +--------+--------+--------+--------+--------+-----+--------+
         Total |   3363 |   3255 |    108 |      0 |   2236 |   7 |  480.4 |
       Dungeon |   3147 |   3039 |    108 |      0 |   2147 |   6 |  524.5 |
       Ossuary |    216 |    216 |      0 |      0 |     89 |   1 |  216.0 |
               +--------+--------+--------+--------+--------+-----+--------+

Top non-repeatable levels by time:
     D:5: 790 daAuts
     D:2: 711 daAuts
     D:1: 599 daAuts
     D:4: 468 daAuts
     D:3: 422 daAuts
 Ossuary: 216 daAuts
     D:6: 154 daAuts
